Arrhythmia, chaotic female vampiric Convict -- ------- . |..@..| . | |..@(.| -|-- -- | |.. -- |...@.| ...--+-- ...| |..... |.....|.............| |........{ -----@-.{...........| |...............().............| | -+---.......%...-+----+- | --------.---| |%%.-.-..| |!%.|.|..| | ------+-----.---- ----- ...............................| -------------------------------- Arrhythmia the Jail-bird Experience level: 8 Strength: 16 Dexterity: 15 Constitution: 16 Intelligence: 13 Wisdom: 7 Charisma: 7 Health: 0(66) Energy: 41(41) AC: 0 Gold: 132 Moves: 4600 Your Inventory: Coins $ - 132 gold pieces Weapons n - an uncursed [+0] runed dagger [of frost (elven)] Armor d - an uncursed +0 elven mithril-coat (being worn) y - a blessed +0 hard hat [dwarvish iron helm] (being worn) z - a blessed +1 pair of hard shoes [iron] (being worn) J - an [uncursed +0] dented pot K - a [blessed +0] pair of fencing gloves [leather] L - an [uncursed +0] pair of walking shoes [low] M - an [uncursed +0] small shield Scrolls B - an uncursed scroll labeled ZELGO MER [of punishment] G - an uncursed scroll labeled AQUE BRAGH [of stinking cloud] Potions j - an uncursed fizzy potion [of booze] m - an uncursed potion of sleeping Rings I - an [uncursed +3] copper ring [of gain dexterity] Wands D - an uncursed runed wand [of undead turning (0:4)] Tools o - an uncursed skeleton key A - 5 uncursed [wax] candles F - an uncursed [tallow] candle Gems E - an uncursed orange gem [worthless glass] Iron balls c - an uncursed heavy iron ball (chained to you) (weapon in hand) Spells known in the end: Name Level Category Fail Memory a - wizard lock 2 matter 100% [|||||||.] Your skills at the end: Fighting Skills Weapon Skills sling [Basic / Skilled] Spellcasting Skills Final Attributes: You had transgressed. Hunger level was 380. Your alignment was -31 / 33. Monster difficulty range was 1 - 7. Level difficulty was 6. You were immune to poison. You were immune to level-drain. You were immune to sickness. You were punished. You could fly. You could survive without air. You regenerated. Your luck was zero. You are dead. Vanquished creatures: a small mimic 3 watchmen a dingo a wood nymph a rock piercer 2 rock moles 4 ponies 2 shriekers 3 gnome lords 2 gnomish wizards a gray ooze a wax golem 4 dwarves a homunculus a kobold lord a kobold shaman 3 rothes 2 rabid rats a centipede a giant bat a monkey a dwarf zombie a werejackal an iguana an acid blob a gas spore 4 hobbits 2 hobgoblins 2 giant rats 6 cave spiders 23 gnomes a gnome zombie 2 geckos 9 jackals 2 foxes a kobold a goblin 2 sewer rats 3 grid bugs 3 bats 5 lichens a kobold zombie 2 newts 111 creatures vanquished. Voluntary challenges: You went without food. You used a wielded weapon 1 time. You read items or engraved 35 times. You put on armor 9 times. You never genocided any monsters. You never polymorphed an object. You never changed form. You used no wishes. You wrote Elbereth's name 20 times. You never encountered a bones level. You never used any Sokoban shortcuts. Dungeon overview: The Dungeons of Doom: levels 1 to 4 Level 1 some fountains a long staircase Level 2 some altars, a sink Level 3 a general store stairs to The Gnomish Mines The Gnomish Mines: levels 4 to 6 Level 4 stairs to The Dungeons of Doom Level 6 <- You were here a delicatessen, a temple, a magic chest, some fountains History has recorded: On T:1 you entered the Dungeons of Doom to retrieve the Amulet of Yendor! On T:607 you reached level 2 of The Dungeons of Doom. On T:608 you advanced to experience level 2. On T:757 you advanced to experience level 3. On T:889 you advanced to experience level 4. On T:923 you reached level 3 of The Dungeons of Doom. On T:1296 you advanced to experience level 5. On T:1589 you advanced to experience level 6. On T:1743 you reached level 4 of The Dungeons of Doom. On T:2474 you received a fireproof sling of frost and telepathy from Tymora. On T:2868 you advanced to experience level 7. On T:3020 you reached level 1 of The Gnomish Mines. On T:3896 you reached level 2 of The Gnomish Mines. On T:4022 you advanced to experience level 8. On T:4532 you reached level 3 of The Gnomish Mines. Latest messages: [HP-2=17] [2 turns] The doorway blocks your way. [HP+1=18] The watch captain picks up a short sword. [HP+1=19] The watch captain picks up a ring mail. The watchman picks up a plumed helmet. [HP+2=21] [2 turns] The watch captain throws a crude dagger! You are hit by a crude dagger. The watchman picks up a small shield. The watchman removes a small shield and puts on a small shield. [HP-2=19] The watchman picks up a beaked polearm. [HP+1=20] You miss the watch captain. (2x) The watch captain swings his long sword. The watch captain hits! The watch captain swings his long sword. The watch captain hits! You die... Final status: Goodbye Arrhythmia the Convict... You died in The Gnomish Mines on dungeon level 6 with 4389 points, and 132 pieces of gold, after 4600 moves. You were level 8 with a maximum of 66 hit points when you died.